 Dungeon Crawl Stone Soup version 0.30-a0-949-g53dc5368d7 (webtiles) character file.

Game seed: 18070732809703244666

14856 DeathPants the Slicer (level 12, -1/64 HPs)
             Began as a Vine Stalker Enchanter on Mar 27, 2023.
             Was an Initiate of Gozag.
             Killed by divine providence
             ... invoked by a meliai
              (10 damage)
             ... on level 12 of the Dungeon.
             The game lasted 00:37:47 (10441 turns).

DeathPants the Slicer (Vine Stalker Enchanter)     Turns: 10441, Time: 00:37:48

Health: -1/64      AC: 14    Str: 16    XL:     12   Next: 20%
Magic:  0/20       EV: 17    Int: 17    God:    Gozag
Gold:   1802       SH:  0    Dex: 19    Spells: 13/21 levels left

rFire   + . .      SeeInvis .    a - +4 dagger (vamp)
rCold   . . .      Faith    .    (no shield)
rNeg    . . .      Spirit   +    i - +1 robe
rPois   .          Reflect  .    r - +0 helmet
rElec   .          Rampage  .    C - +0 cloak
rCorr   .                        D - +0 pair of gloves
Will    +....                    (no boots)
Stlth   +++                      E - amulet of regeneration
HPRegen 1.90/turn                H - +4 ring of protection
MPRegen 0.17/turn                u - ring "Qiull" {rF+ AC+4 Str+6}

@: lethally poisoned (-1 -> -1), confusing by touch, about to teleport
A: fangs 3, regeneration 1, magic shield, antimagic bite, no potion heal 2
a: Renounce Religion, Potion Petition, Call Merchant, Bribe Branch


You were on level 12 of the Dungeon.
You worshipped Gozag.
Gozag was most pleased with you.
You visited 2 branches of the dungeon, and saw 14 of its levels.

You collected 1929 gold pieces.
You paid 127 gold pieces to Gozag.

Inventory:

Hand Weapons
 a - a +4 vampiric dagger (weapon)
 b - a +2 dagger of venom
 o - a +0 scimitar
Missiles
 d - 24 poisoned darts
 t - 5 javelins
 x - 3 boomerangs
 A - 6 curare-tipped darts
Armour
 i - a +1 robe (worn)
 r - a +0 helmet (worn)
 C - a +0 cloak (worn)
 D - a +0 pair of gloves (worn)
Jewellery
 s - a +6 ring of dexterity
 u - the ring "Qiull" (right hand) {rF+ AC+4 Str+6}
   (You found it on level 5 of the Dungeon)

   [ring of protection]

   AC:        It affects your AC (+4).
   Str:       It affects your strength (+6).
   rF:        It protects you from fire.
 y - an amulet of reflection
 z - a ring of positive energy
 E - an amulet of regeneration (around neck)
 G - a ring of protection from fire
 H - a +4 ring of protection (left hand)
Wands
 j - a wand of flame (18)
 n - a wand of polymorph (5)
 p - a wand of digging (9)
 F - a wand of iceblast (2)
Scrolls
 f - 6 scrolls of teleportation
 l - a scroll of vulnerability
Potions
 c - 2 potions of invisibility
 e - 6 potions of curing
 g - 2 potions of brilliance
 h - 3 potions of berserk rage
 k - 4 potions of lignification
 m - a potion of flight
 q - 2 potions of cancellation
 w - a potion of attraction
 B - a potion of magic {unknown}


   Skills:
 + Level 8.1 Fighting
 * Level 9.8 Short Blades
 * Level 7.8 Dodging
 - Level 3.6 Stealth
 - Level 5.1 Spellcasting
 + Level 9.4 Hexes
 - Level 3.0 Ice Magic


You had 13 spell levels left.
You knew the following spells:

 Your Spells              Type           Power      Damage    Failure   Level
a - Ensorcelled Hibernat  Hex/Ice        50%        N/A       1%          2
b - Confusing Touch       Hex            36%        N/A       1%          3
c - Tukima's Dance        Hex            36%        N/A       1%          3

Your spell library contained the following spells:

 Spells                   Type           Power      Damage    Failure   Level
 Dazzling Flash           Conj/Hex       40%        N/A       6%          3
 Apportation              Tloc           8%         N/A       14%         1
 Foxfire                  Conj/Fire      16%        2x1d4     14%         1
 Necrotise                Necr           16%        1d4       14%         1
 Summon Small Mammal      Summ           16%        N/A       14%         1
 Vhi's Electric Charge    Tloc/Air       8%         N/A       38%         3
 Animate Armour           Summ/Erth      8%         N/A       80%         4
 Arcjolt                  Conj/Air       2%         1d12      98%         5
 Blade Hands              Tmut           2%         N/A       98%         5
 Fireball                 Conj/Fire      2%         3d4       98%         5
 Iron Shot                Conj/Erth      2%         9d2       100%        6
 Starburst                Conj/Fire      2%         6d3       100%        6
 Maxwell's Capacitive Co  Air            2%         ∞         100%        8


Dungeon Overview and Level Annotations

Branches:
Dungeon (13/15)            Temple (1/1) D:6            Lair (0/5) D:10
    Orc (0/2) D:10
 Vaults: D:13-14

Altars:
Ashenzari
Cheibriados
Dithmenos
Fedhas
Gozag
Hepliaklqana
Kikubaaqudgha
Makhleb
Nemelex Xobeh
Okawaru
Qazlal
Ru
Sif Muna
Trog
Uskayaw
Vehumet
Wu Jian
Xom
Yredelemnul
The Shining One

Shops:
D:8 (

Annotations:
D:5 2 transporters, SkeletonJelly's ghost, novice DrTm
D:10 1 runed translucent door


Innate Abilities, Weirdness & Mutations

You have razor-sharp teeth.
Your natural rate of healing is unusually fast.
When hurt, damage is shared between your health and your magic reserves.
Your bite disrupts and absorbs the magic of your enemies.
Potions cannot restore your health.


Message History

The meliai hits you with a +0 war axe! The meliai stings you!
You are poisoned.
The meliai poisons you! The meliai hits you but does no damage.
The meliai misses you.
You climb upwards.
You feel very sick.
There is a stone staircase leading down here.
You hit the meliai but do no damage. Your bite misses the meliai.
You feel sick.
The meliai invokes the aid of its god against you.
Something smites you! The meliai closely misses you. x2
Casting: Confusing Touch (safe; 1% risk of failure)
Confirm with . or Enter, or press ? or * to list all spells.
Your hands begin to glow red.
You feel sick. The meliai completely misses you. The meliai closely misses you.
The meliai hits you but does no damage.
The meliai stings you but does no damage.
The meliai invokes the aid of its god against you.
Something smites you! The meliai closely misses you.
The meliai stings you but does no damage.
You closely miss the meliai. Your bite misses the meliai.
You feel sick. The meliai hits you with a +0 war axe!
* * * LOW HITPOINT WARNING * * *
The meliai closely misses you. The meliai hits you with a +0 hand axe!
* * * LOW HITPOINT WARNING * * *
The meliai stings you but does no damage.
As you read the scroll of teleportation, it crumbles to dust.
You feel strangely unstable.
You feel sick. The meliai misses you. x2
The meliai closely misses you. x2; The meliai hits you but does no damage.
The meliai completely misses you. The meliai hits you with a +0 hand axe.
* * * LOW HITPOINT WARNING * * *
The meliai misses you. The meliai attacks as you move away!
The meliai barely misses you.
The meliai stings you but does no damage.
You feel sick. The meliai hits you with a +0 hand axe.
The meliai completely misses you. The meliai closely misses you.
The meliai stings you but does no damage.
The meliai calls down the wrath of its god upon you.
Something smites you!
You die...
Your body crumbles into a pile of gold.

..# #...# #...# ..# #...# #...#
..# #...# #....... ..# #...#
#....... ..#########...# #......
..............# #..... .....#
..............# #...# #....#
..............####...# #....#
.........##....y@....# #....#
.........##....y.....######....#
...............####............#
.....<......... #............#
............... #............##
........####... #..#######.....
........# #... #..#######.....
.#####..# #... #...........### .
..# #... #...........#


You could see 2 meliai.

Vanquished Creatures
  A centaur warrior (D:10)
  A two-headed ogre (D:10)
  2 boulder beetles (D:11)
  A deep elf pyromancer (D:10)
  An ugly thing (D:12)
  3 gargoyles
  A komodo dragon (D:10)
  A kobold demonologist (D:11)
  3 trolls
  2 hornets
  A shadow (D:9)
  21 yaks
  4 wyverns (D:9)
  2 basilisks (D:9)
  4 vampire mosquitoes
  2 wraiths
  3 water moccasins (D:10)
  3 acid dragons
  An orc warrior (D:11)
  A sky beast (D:6)
  An ice beast (D:6)
  3 ogres
  3 black bears
  2 wolves (D:10)
  2 phantoms
  2 centaurs (D:9)
  3 bullfrogs
  3 kobold brigands
  A scorpion (D:6)
  3 wights (D:9)
  4 howler monkeys
  4 hounds
  5 orc priests
  A gnoll bouda (D:8)
  A jelly (D:6)
  A sleepcap (D:5)
  Jessica (D:2)
  13 orc wizards
  4 gnolls
  12 adders
  2 shadow imps (D:6)
  2 worms
  A dart slug (D:1)
  42 orcs
  8 ball pythons
  12 endoplasms
  3 giant cockroaches
  13 goblins
  10 hobgoblins
  19 kobolds
  7 quokkas
  3 bats
  A frilled lizard (D:1)
  6 rats
256 creatures vanquished.

Vanquished Creatures (collateral kills)
  A two-headed ogre (D:9)
  A wight (D:9)
  2 orcs
  A kobold (D:7)
5 creatures vanquished.

Vanquished Creatures (others)
  12 dancing weapons
  11 plants (D:10)
23 creatures vanquished.

Grand Total: 284 creatures vanquished

Notes
Turn   | Place    | Note
-------+----------+-------------------------------------------
     0 | D:1      | DeathPants the Vine Stalker Enchanter began the quest for
                  | the Orb.
     0 | D:1      | Reached XP level 1. HP: 9/9 MP: 4/4
   292 | D:1      | Reached XP level 2. HP: 14/14 MP: 4/6
   404 | D:2      | Reached skill level 1 in Fighting
   483 | D:2      | Reached XP level 3. HP: 16/18 MP: 6/8
  1003 | D:1      | Learned a level 3 spell: Tukima's Dance
  1291 | D:2      | Gained mutation: Your natural rate of healing is unusually
                  | fast. [Vine Stalker growth]
  1291 | D:2      | Reached XP level 4. HP: 17/23 MP: 9/9
  1309 | D:2      | Found a faded altar of an unknown god.
  1674 | D:2      | Noticed Jessica
  1679 | D:2      | Killed Jessica
  1754 | D:2      | Reached XP level 5. HP: 25/26 MP: 11/11
  2319 | D:3      | Noticed an ogre
  2414 | D:3      | Killed an ogre
  2415 | D:3      | Reached XP level 6. HP: 31/32 MP: 11/13
  2519 | D:3      | Found a hide-covered altar of Uskayaw.
  2790 | D:5      | Entered Level 5 of the Dungeon
  3685 | D:5      | Reached skill level 5 in Hexes
  3685 | D:5      | Reached XP level 7. HP: 36/36 MP: 7/14
  3758 | D:5      | Found a shimmering altar of Xom.
  3777 | D:5      | Identified the ring "Qiull" {rF+ AC+4 Str+6}
  3790 | D:5      | Found a transporter.
  3833 | D:5      | Noticed SkeletonJelly's ghost (novice DrTm)
  3842 | D:5      | Found a hazy altar of Hepliaklqana.
  3866 | D:5      | Reached skill level 5 in Spellcasting
  4021 | D:5      | Found a transporter.
  4036 | D:5      | Reached skill level 1 in Short Blades
  4092 | D:5      | Found a sparkling altar of Nemelex Xobeh.
  4096 | D:5      | Found an ancient bone altar of Kikubaaqudgha.
  4100 | D:5      | Found a snail-covered altar of Cheibriados.
  4597 | D:6      | Gained mutation: You have razor-sharp teeth. [Vine Stalker
                  | growth]
  4597 | D:6      | Reached XP level 8. HP: 42/42 MP: 16/16
  4823 | D:6      | Found a staircase to the Ecumenical Temple.
  4861 | Temple   | Entered the Ecumenical Temple
  4917 | Temple   | Became a worshipper of Gozag Ym Sagoz the Greedy
  5276 | D:6      | Learned a level 3 spell: Confusing Touch
  5279 | D:6      | Learned a level 2 spell: Ensorcelled Hibernation
  5394 | D:7      | Reached skill level 5 in Fighting
  5597 | D:7      | Reached skill level 1 in Ice Magic
  5621 | D:8      | Reached XP level 9. HP: 37/47 MP: 11/17
  6056 | D:9      | Noticed a two-headed ogre
  6067 | D:9      | Killed a two-headed ogre
  6068 | D:9      | Reached skill level 5 in Short Blades
  6265 | D:8      | Noticed a troll
  6275 | D:8      | Killed a troll
  6354 | D:8      | Found Xec Gaetz's Weapon Shop.
  6573 | D:10     | Entered Level 10 of the Dungeon
  6573 | D:10     | Noticed a komodo dragon
  6584 | D:10     | Killed a komodo dragon
  6719 | D:9      | Found an iron altar of Okawaru.
  6896 | D:8      | Reached XP level 10. HP: 52/53 MP: 16/18
  7536 | D:10     | Noticed a gargoyle
  7595 | D:9      | Reached skill level 5 in Dodging
  7854 | D:10     | Found a staircase to the Orcish Mines.
  7933 | D:10     | Found a staircase to the Lair.
  7996 | D:10     | Killed a gargoyle
  7997 | D:10     | Reached XP level 11. HP: 58/58 MP: 19/19
  8352 | D:10     | Noticed a two-headed ogre
  8364 | D:10     | Killed a two-headed ogre
  8429 | D:10     | Found a runed translucent door.
  8429 | D:10     | Noticed a sixfirhy
  8463 | D:10     | Found an ornate altar of the Wu Jian Council.
  8835 | D:10     | Noticed a centaur warrior
  8835 | D:10     | Noticed a deep elf pyromancer
  8846 | D:10     | Killed a centaur warrior
  8931 | D:10     | Killed a deep elf pyromancer
  9334 | D:11     | Noticed a boulder beetle
  9339 | D:11     | Killed a boulder beetle
  9446 | D:11     | Noticed a boulder beetle
  9464 | D:11     | Killed a boulder beetle
  9691 | D:12     | Noticed Sonja
  9709 | D:12     | Sonja changed into Sonja the acid dragon
  9709 | D:12     | Noticed Sonja
  9714 | D:12     | Killed Sonja the acid dragon
  9715 | D:12     | Reached XP level 12. HP: 39/64 MP: 7/20
 10441 | D:12     | Killed from afar by a meliai

Illustrated notes

Levels and vault maps discovered:
D:1:      minmay_arrival_split_and_join, layout_basic, serial_corexii_hall,
          chequers_hall_statues_corner_a, corexii_hall_statues_t,
          chequers_hall_statues_wall_a, corexii_hall_statues_x
D:2:      layout_basic, nicolae_ecumenical_lake_church, uniq_jessica
D:3:      layout_rooms, nicolae_overflow_hidden_temple, minmay_ogre_servants
D:4:      layout_loops_corners
D:5:      layout_loops_ring, mainiacjoe_overflow_catwalk,
          general_overflow_altar, grunt_temple_overflow_diamond,
          gammafunk_ghost_stat_death
D:6:      layout_cave_pools, minmay_temple_entry_glass
D:7:      layout_loops_ring
D:8:      layout_cave_pools, serial_shops, shop_fountains
D:9:      layout_cross, mainiacjoe_overflow_cross_hatched, minmay_misc_feat_tiny
D:10:     cheibrodos_shockbox, layout_gridville, nzn_wu_jian_council_hall,
          minmay_lair_entry_grove, david_orc_2, eino_curves_04, minivault_20,
          chequers_serial_rivers_large_a
D:11:     layout_roguey
D:12:     layout_small_grid, gauntlet_entry_generic, nicolae_water_bricks,
          uniq_sonja
D:13:     nzn_winding_woodlands_huge [nzn_winding_woodlands_5x15_crooked,
          nzn_winding_woodlands_5x15_longhouse,
          nzn_winding_woodlands_5x15_pockets, nzn_winding_woodlands_5x15_pool,
          nzn_winding_woodlands_5x15_cabin, nzn_winding_woodlands_5x15_garden,
          nzn_winding_woodlands_5x15_lazy_stream,
          nzn_winding_woodlands_5x15_parted,
          nzn_winding_woodlands_5x15_pathside_ponds,
          nzn_winding_woodlands_5x15_twine,
          nzn_winding_woodlands_center_diamonds,
          nzn_winding_woodlands_center_pierced_h,
          nzn_winding_woodlands_15x15_killbox], layout_irregular_city,
          ximxim_vaults_locker_room
Temple:   nicolae_temple_bog_church

Skill      XL: |  1  2  3  4  5  6  7  8  9 10 11 12 |
---------------+-------------------------------------+-----
Fighting       | 1 2 3 4 5 6 7 8 |  8.1
Spellcasting   | 3 4 5 |  5.1
Hexes          | 4 5 6 7 8 9 |  9.4
Short Blades   | 1 4 6 8 9 |  9.8
Dodging        | 2 3 5 7 |  7.8
Ice Magic      | 1 3 |  3.0
Stealth        | |  3.6

Action                     |  1- 3 |  4- 6 |  7- 9 | 10-12 || total
---------------------------+-------+-------+-------+-------++-------
  Melee: Dagger            |   106 |   144 |   306 |   436 ||   992
         Bite              |    24 |    35 |   119 |   174 ||   352
         Punch             |       |     2 |     6 |    14 ||    22
  Throw: Dart              |       |     3 |       |     2 ||     5
   Cast: Tukima's Dance    |       |     8 |    25 |    30 ||    63
         Ensorcelled Hiber |       |       |     6 |    30 ||    36
         Confusing Touch   |       |       |     4 |    12 ||    16
  Evoke: Wand              |       |       |       |     1 ||     1
    Use: Scroll            |     8 |     5 |     7 |    12 ||    32
         Potion            |       |     2 |       |     1 ||     3
   Stab: Sleeping          |     8 |    12 |     4 |    19 ||    43
         Invisible         |       |     4 |       |       ||     4
         Confused          |       |       |     2 |    12 ||    14
         Distracted        |       |       |       |     1 ||     1
 Armour: Robe              |    14 |    25 |   121 |    89 ||   249
  Dodge: Dodged            |    76 |    72 |   161 |   224 ||   533
  Block: Other             |       |       |    18 |    32 ||    50
         Reflection        |       |       |     2 |     1 ||     3

Table legend: (Time is in decaauts)
 A = Elapsed time spent in this place.
 B = Non-inter-level travel time spent in this place.
 C = Inter-level travel time spent in this place.
 D = Time resting spent in this place.
 E = Time spent auto-exploring this place.
 F = Levels seen in this place.
 G = Mean time per level.
                   A        B        C        D        E       F      G
               +--------+--------+--------+--------+--------+-----+--------+
         Total |  10245 |   9914 |    331 |    451 |   6354 |  14 |  731.8 |
       Dungeon |  10172 |   9851 |    321 |    451 |   6305 |  13 |  782.5 |
        Temple |     73 |     63 |     10 |      0 |     49 |   1 |   73.0 |
               +--------+--------+--------+--------+--------+-----+--------+

Top non-repeatable levels by time:
    D:10: 1523 daAuts
     D:9: 1061 daAuts
     D:2: 1040 daAuts
     D:4: 1038 daAuts
     D:1: 931 daAuts
     D:5: 910 daAuts
    D:11: 738 daAuts
     D:7: 670 daAuts
     D:6: 649 daAuts
     D:3: 640 daAuts
     D:8: 581 daAuts
    D:12: 376 daAuts
  Temple: 73 daAuts
    D:13: 10 daAuts
